 Dungeon Sprint DCSS version 0.29.1-2-gbd0b4ee654 (webtiles) character file.

Game seed: 4625762497513603488

7700000 Ashen the Conqueror (level 27, 226/228 HPs)
             Began as a Djinni Warper on Oct 25, 2022.
             Was the Champion of Makhleb.
             Got out of the dungeon alive.
             The game lasted 00:04:19 (77 turns).

Ashen the Conqueror (Djinni Warper)                   Turns: 77, Time: 00:04:19

Health: 226/228    AC:  6    Str: 10    XL:     27
Gold:   0          EV: 27    Int: 26    God:    Makhleb [******] SH:  0 Dex: 16

rFire   + + .      SeeInvis .   i - +∞ Axe of Woe
rCold   x . .      Faith    .   (shield currently unavailable)
rNeg    . . .      Spirit   .   b - +0 leather armour
rPois   ∞          Reflect  .   (no helmet)
rElec   .          Harm     .   (no cloak)
rCorr   .          Rampage  .   (no gloves)
Will    ++...      NoTele   +   (boots unavailable)
Stlth   +++++++++.              (no amulet)
HPRegen 0.48/turn               (no ring)
MPRegen 0.00/turn               (no ring)

@: calling dragons, flying
A: sickness immunity, fire resistance 2, cold vulnerability 1, float, innate
caster, HP casting, extra vitality 1
a: Renounce Religion, Minor Destruction, Lesser Servant of Makhleb, Major
Destruction, Greater Servant of Makhleb


You escaped.
You worshipped Makhleb.
Makhleb was exalted by your worship.
You visited 1 branch

Inventory:

Hand Weapons
 a - a +0 hand axe
 i - the +∞ Axe of Woe (weapon)
   (You found it in the Dungeon)
Missiles
 d - 7 boomerangs of dispersal (quivered)
Armour
 b - a +0 leather armour (worn)
Scrolls
 c - a scroll of blinking
Potions
 e - a potion of curing
 f - a potion of heal wounds
 g - a potion of haste
 h - a potion of berserk rage


   Skills:
 O Level 27 Fighting
 O Level 27 Short Blades
 O Level 27 Long Blades
 O Level 27 Axes
 O Level 27 Maces & Flails
 O Level 27 Polearms
 O Level 27 Staves
 O Level 27 Ranged Weapons
 O Level 27 Throwing
 O Level 27 Armour
 O Level 27 Dodging
 O Level 27 Stealth
 O Level 27 Shields
 O Level 27 Unarmed Combat
 O Level 27 Spellcasting
 O Level 27 Invocations
 O Level 27 Evocations


You couldn't memorise any spells.
You knew the following spells:

 Your Spells              Type           Power      Damage    Failure   Level
a - Blink                 Tloc           100%       N/A       0%          2
b - Lesser Beckoning      Tloc           100%       N/A       0%          3
c - Gell's Gravitas       Tloc           100%       N/A       0%          3
d - Teleport Other        Tloc           100%       N/A       0%          3
e - Manifold Assault      Tloc           100%       N/A       0%          5
f - Beastly Appendage     Tmut           100%       N/A       0%          1
g - Poisonous Vapours     Pois/Air       100%       N/A       0%          2
h - Portal Projectile     Hex/Tloc       100%       N/A       0%          3
i - Hailstorm             Conj/Ice       100%       3d20      0%          4
j - Yara's Violent Unrav  Hex/Tmut       54%        3d21      0%          5
k - Silence               Hex/Air        54%        N/A       0%          5
l - Eringya's Noxious Bo  Tmut/Pois      54%        N/A       0%          6
m - Storm Form            Tmut/Air       54%        N/A       0%          7
n - Starburst             Conj/Fire      54%        6d15      0%          6
o - Ignition              Fire           54%        3d15      1%          8
p - Infestation           Necr           54%        N/A       1%          8
q - Dragon's Call         Summ           54%        N/A       1%          9
r - Polar Vortex          Ice            54%        N/A       1%          9
Your spell library was empty.

Dungeon Overview and Level Annotations

Branches:
Dungeon (1/1)

Altars:
Makhleb

Annotations:
D The Captor


Innate Abilities, Weirdness & Mutations

You are immune to sickness and miasma.
You are immune to poison.
Your flesh is very heat resistant. (rF++)
You are vulnerable to cold. (rC-)
You float through the air rather than walking.
You learn spells naturally, not from books.
Your magical power is your life essence.
You have superior vitality. (+4 MHP)


Message History

The large abomination disappears in a puff of smoke!
The large bag of meat explodes!
The fiery explosion engulfs your storm dragon!!!
Your storm dragon dies!
Your storm dragon's corpse disappears in a puff of smoke!
You hear a shout!
You hear a screech!
Something bites your ice dragon.
Something tramples your ice dragon but does no damage.
You hear a shout! x4
Something misses your ice dragon.
Something closely misses your ice dragon.
You hear a shout! x2
Unknown command.
Are you sure you want to leave the Dungeon?
This will make you lose the game! A dragon arrives to answer your call!
You hear a shout! x3; You hear a faint skittering sound.
Something bites your ice dragon! Something tramples your ice dragon.
Your ice dragon is shoved backwards!
You hear a shout! x8
Your ice dragon breathes frost at the meat beast.
The blast of cold hits the meat beast!!
You hear a shout!
The meat beast bites your ice dragon!
The meat beast tramples your ice dragon!
Your ice dragon is shoved backwards!
You hear a shout!
Your death scarab bites the dread!!
You hear a shout!
The destroyer is engulfed in blazing flames.
Something hits your iron dragon!!! x2
You hear a shout!
The dread is engulfed in blazing flames.
The dread hits your death scarab!
The dread drains your death scarab's vigour!
Your death scarab seems to slow down.
You hear a shout!
Something bites your iron dragon! Something tramples your iron dragon.
Your iron dragon holds its ground!
You hear a shout!
You have escaped!

.))@.O)).B))...).
...2.WO))D))..o..
..#...§)§§#..V..).
#.....WV#.).))..
.###....§B§###).)).
.....)###@)....))..
....))._).).)...)..
.))#..)).#.......#
..#_.@._#........
#.....#).....#.
......_)..........
......###.........#
.###). ...###))...
#.. ...# .).. #O.
...)# .. .....
.......


You could see a meat beast (fast, ally target), a destroyer, a dread (ally
target), a meat berserker (berserk), The Captor (fast), a friendly iron dragon
(summoned) and a friendly death scarab (slow).

Vanquished Creatures
  2 hell beasts (D)
  4 wraiths (D)
  9 vampire knights (D)
  27 ogres (D)
  7 two-headed ogres (D)
  A lich (D)
  A hydra (D)
  80 orcs (D)
  5 skeletal warriors (D)
136 creatures vanquished.

Vanquished Creatures (collateral kills)
  An orc (D)
1 creature vanquished.

Grand Total: 137 creatures vanquished

Notes
Turn   | Place    | Note
-------+----------+-------------------------------------------
     0 | D        | Found the +∞ Axe of Woe
     0 | D        | Ashen the Djinni Warper began the quest for the Orb.
     0 | D        | Ashen set off with the following spells memorised: Blink,
                  | Lesser Beckoning, Gell's Gravitas, Teleport Other, Manifold
                  | Assault.
     0 | D        | Reached XP level 1. HP: 18/18 MP: 0/0
     2 | D        | Noticed a bag of meat
     2 | D        | Noticed a bag of meat
     3 | D        | Became a worshipper of Makhleb the Destroyer
     3 | D        | Noticed a bag of meat
     8 | D        | Killed a bag of meat
     8 | D        | Noticed a meat berserker
     9 | D        | Reached skill level 15 in Fighting
     9 | D        | Reached XP level 2. HP: 43/43 MP: 0/0
     9 | D        | Reached XP level 3. HP: 49/49 MP: 0/0
     9 | D        | Learned a level 1 spell: Beastly Appendage
     9 | D        | Reached XP level 4. HP: 55/55 MP: 0/0
     9 | D        | Reached XP level 5. HP: 60/60 MP: 0/0
     9 | D        | Learned a level 2 spell: Poisonous Vapours
     9 | D        | Reached XP level 6. HP: 67/67 MP: 0/0
     9 | D        | Reached XP level 7. HP: 72/72 MP: 0/0
     9 | D        | Learned a level 3 spell: Portal Projectile
     9 | D        | Reached XP level 8. HP: 78/78 MP: 0/0
     9 | D        | Reached XP level 9. HP: 84/84 MP: 0/0
     9 | D        | Learned a level 4 spell: Hailstorm
     9 | D        | Reached XP level 10. HP: 90/90 MP: 0/0
     9 | D        | Reached XP level 11. HP: 95/95 MP: 0/0
     9 | D        | Learned a level 5 spell: Yara's Violent Unravelling
     9 | D        | Killed a meat berserker
     9 | D        | Reached * piety under Makhleb
     9 | D        | Killed a bag of meat
     9 | D        | Killed a bag of meat
     9 | D        | Noticed a bag of meat
    10 | D        | Reached XP level 12. HP: 109/115 MP: 0/0
    10 | D        | Reached XP level 13. HP: 115/121 MP: 0/0
    10 | D        | Learned a level 5 spell: Silence
    10 | D        | Reached XP level 14. HP: 121/128 MP: 0/0
    10 | D        | Killed a bag of meat
    10 | D        | Reached ** piety under Makhleb
    12 | D        | Noticed a bag of meat
    12 | D        | Noticed a meat berserker
    12 | D        | Noticed a bag of meat
    13 | D        | Killed a meat berserker
    13 | D        | Noticed a bag of meat
    14 | D        | Reached XP level 15. HP: 104/138 MP: 0/0
    14 | D        | Learned a level 6 spell: Eringya's Noxious Bog
    14 | D        | Reached *** piety under Makhleb
    14 | D        | Noticed a meat berserker
    15 | D        | Noticed a meat berserker
    16 | D        | Killed a meat berserker
    16 | D        | Killed a meat berserker
    16 | D        | Reached **** piety under Makhleb
    17 | D        | Reached skill level 27 in Fighting
    17 | D        | Reached XP level 16. HP: 154/154 MP: 0/0
    18 | D        | Reached ***** piety under Makhleb
    18 | D        | Noticed a destroyer
    19 | D        | Reached XP level 17. HP: 160/160 MP: 0/0
    19 | D        | Learned a level 7 spell: Storm Form
    19 | D        | Killed a destroyer
    19 | D        | Noticed a meat berserker
    20 | D        | Reached skill level 27 in Axes
    20 | D        | Reached skill level 27 in Spellcasting
    20 | D        | Reached skill level 5 in Armour
    20 | D        | Reached XP level 18. HP: 167/167 MP: 0/0
    20 | D        | Killed a meat berserker
    21 | D        | Noticed a meat berserker
    22 | D        | Killed a meat berserker
    23 | D        | Reached XP level 19. HP: 174/174 MP: 0/0
    23 | D        | Learned a level 6 spell: Starburst
    24 | D        | Noticed a meat berserker
    25 | D        | Reached ****** piety under Makhleb
    25 | D        | Killed a meat berserker
    26 | D        | Reached skill level 27 in Dodging
    26 | D        | Reached XP level 20. HP: 181/181 MP: 0/0
    27 | D        | Noticed a meat berserker
    27 | D        | Noticed a large bag of meat
    28 | D        | Reached XP level 21. HP: 187/187 MP: 0/0
    28 | D        | Learned a level 8 spell: Ignition
    28 | D        | Killed a meat berserker
    28 | D        | Killed a large bag of meat
    29 | D        | Reached skill level 27 in Throwing
    29 | D        | Reached skill level 27 in Armour
    29 | D        | Noticed a large bag of meat
    29 | D        | Noticed a large bag of meat
    29 | D        | Noticed a destroyer
    29 | D        | Noticed a meat berserker
    30 | D        | Noticed a destroyer
    30 | D        | Noticed a meat berserker
    30 | D        | Killed a destroyer
    30 | D        | Killed a large bag of meat
    30 | D        | Noticed a destroyer
    30 | D        | Noticed a meat berserker
    31 | D        | Reached XP level 22. HP: 194/194 MP: 0/0
    31 | D        | Killed a destroyer
    31 | D        | Killed a destroyer
    31 | D        | Noticed an eight-headed meat hydra
    32 | D        | Reached skill level 10 in Maces & Flails
    32 | D        | Reached skill level 10 in Polearms
    32 | D        | Reached skill level 10 in Ranged Weapons
    32 | D        | Noticed a meat berserker
    33 | D        | Reached XP level 23. HP: 201/201 MP: 0/0
    33 | D        | Learned a level 8 spell: Infestation
    33 | D        | Killed a large bag of meat
    33 | D        | Noticed a large bag of meat
    34 | D        | Reached skill level 15 in Short Blades
    35 | D        | Reached XP level 24. HP: 208/208 MP: 0/0
    36 | D        | Reached skill level 15 in Maces & Flails
    36 | D        | Reached skill level 15 in Polearms
    36 | D        | Reached skill level 15 in Ranged Weapons
    37 | D        | Reached XP level 25. HP: 214/214 MP: 0/0
    37 | D        | Learned a level 9 spell: Dragon's Call
    37 | D        | Killed a large bag of meat
    37 | D        | Noticed a large bag of meat
    43 | D        | Noticed a destroyer
    44 | D        | Reached XP level 26. HP: 219/221 MP: 0/0
    44 | D        | Killed a destroyer
    44 | D        | Killed a large bag of meat
    45 | D        | Reached skill level 27 in Stealth
    46 | D        | Noticed a destroyer
    46 | D        | Killed a destroyer
    47 | D        | Reached XP level 27. HP: 196/228 MP: 0/0
    47 | D        | Learned a level 9 spell: Polar Vortex
    47 | D        | Noticed a destroyer
    49 | D        | Noticed a destroyer
    50 | D        | Noticed a destroyer
    50 | D        | Killed a destroyer
    51 | D        | Reached skill level 27 in Shields
    51 | D        | Reached skill level 27 in Unarmed Combat
    51 | D        | Reached skill level 27 in Invocations
    51 | D        | Reached skill level 27 in Evocations
    51 | D        | Killed a destroyer
    52 | D        | Reached skill level 27 in Short Blades
    52 | D        | Killed a destroyer
    53 | D        | Reached skill level 27 in Long Blades
    53 | D        | Reached skill level 27 in Maces & Flails
    53 | D        | Reached skill level 27 in Polearms
    53 | D        | Reached skill level 27 in Staves
    53 | D        | Reached skill level 27 in Ranged Weapons
    53 | D        | Noticed a tyrant
    54 | D        | Killed a tyrant
    57 | D        | Noticed a large bag of meat
    61 | D        | Noticed a dread
    61 | D        | Killed a dread
    61 | D        | Noticed a meat beast
    61 | D        | Noticed a large bag of meat
    63 | D        | Noticed a large bag of meat
    63 | D        | Noticed a dread
    64 | D        | Killed a meat beast
    65 | D        | Noticed a dread
    66 | D        | Noticed a dread
    66 | D        | Noticed a meat beast
    66 | D        | Noticed a meat beast
    66 | D        | Noticed The Captor
    67 | D        | Killed a large bag of meat
    67 | D        | Killed a dread
    67 | D        | Killed a meat beast
    67 | D        | Noticed a tyrant
    67 | D        | Noticed a destroyer
    70 | D        | Killed a dread
    71 | D        | Noticed a dread
    73 | D        | Noticed a dread
    75 | D        | Killed a dread
    75 | D        | Killed a large bag of meat
    77 | D        | Noticed a meat beast
    77 | D        | Got out of the dungeon alive.

Illustrated notes

Levels and vault maps discovered:
D:        meatsprint

Skill      XL: |  1  2  3  4  5  6  7  8  9 10 11 12 13 14 15 16 17 18 19 20 21 22 23 24 25 26 27 |
---------------+----------------------------------------------------------------------------------+-----
Fighting       | 15 21 23 27 | 27.0
Axes           | 13 18 20 23 25 27 | 27.0
Spellcasting   | 12 16 18 22 23 27 | 27.0
Throwing       | 4 11 16 24 27 | 27.0
Armour         | 5 12 18 24 27 | 27.0
Dodging        | 11 24 27 | 27.0
Short Blades   | 8 13 16 19 20 23 27 | 27.0
Long Blades    | 8 12 16 18 19 22 27 | 27.0
Maces & Flails | 7 11 14 16 18 21 27 | 27.0
Polearms       | 7 11 14 16 18 21 27 | 27.0
Staves         | 8 12 16 18 19 22 27 | 27.0
Ranged Weapons | 7 11 14 16 18 21 27 | 27.0
Stealth        | 8 12 16 18 24 27 | 27.0
Shields        | 8 13 17 19 21 24 27 | 27.0
Unarmed Combat | 8 13 17 19 21 24 27 | 27.0
Invocations    | 8 13 17 19 21 24 27 | 27.0
Evocations     | 8 13 17 19 21 24 27 | 27.0

Action                   |  1- 3 |  4- 6 |  7- 9 | 10-12 | 13-15 | 16-18 | 19-21 | 22-24 | 25-27 || total
-------------------------+-------+-------+-------+-------+-------+-------+-------+-------+-------++-------
Melee: Executioner's axe |     1 |       |       |     3 |     7 |    11 |    18 |    24 |    69 ||   133
 Cast: Manifold Assault  |       |       |       |     1 |     3 |     4 |     5 |     6 |    16 ||    35
       Eringya's Noxious |       |       |       |       |     1 |       |       |       |       ||     1
       Dragon's Call     |       |       |       |       |       |       |       |       |     1 ||     1
       Infestation       |       |       |       |       |       |       |       |       |     1 ||     1
  Use: Scroll            |       |       |       |       |       |       |       |       |     1 ||     1
